 Dungeon Sprint DCSS version 0.20-a0-629-gc37eb77 (webtiles) character file.

611244 HallandMoats the End of an Era (level 21, 204/204 HPs)
             Began as a Demonspawn Monk on Feb 11, 2017.
             Was the Champion of Qazlal.
             Escaped with the Orb!
             The game lasted 00:33:03 (9257 turns).

HallandMoats the End of an Era (Demonspawn Monk)    Turns: 9257, Time: 00:33:04

Health: 204/204    AC: 61    Str: 34    XL:     21   Next: 98%
Magic:  52/52      EV: 23    Int: 15    God:    Qazlal [******]
Gold:   0          SH: 47    Dex: 23    Spells: 74/74 levels left

rFire    . . .     SeeInvis +   w - +14 obsidian axe {chop, +Fly SInv *Curse} (curse)
rCold    + + .     Gourm    .   a - +12 gold dragon scales
rNeg     + + .     Faith    .   x - +18 shield of the Gong {rElec rN+ MR+ EV-5}
rPois    +         Spirit   +   (helmet unavailable)
rElec    +         Reflect  .   K - +2 cloak
rCorr    .         Harm     .   W - +2 pair of gloves {Str+3}
MR       ++...     NoTele   +   (no boots)
Stlth    ..........             I - amulet "Rearek" {Spirit Dex+2}
Regen    0.5/turn               L - ring of the Middle {Ice rPois Str+8 Dex-2 Stlth-}
                                y - ring "Cajit" {Wiz rC- Str+6 Int+3 Dex+3}

@: studying 2 skills, repel missiles
A: antennae 3, iridescent scales 2, cold resistance 1, foul stench 1, icemail,
negative energy resistance 1, rot immunity, freezing cloud immunity, MP-powered
wands
0: Orb of Zot
a: Upheaval, Elemental Force, Disaster Area, Renounce Religion, Evoke Flight


You escaped.
You worshipped Qazlal.
Qazlal was exalted by your worship.
You were not hungry.

You visited 1 branch

Inventory:

Hand Weapons
 w - the cursed +14 obsidian axe (weapon) {chop, +Fly SInv *Curse}
   (You found it in the Dungeon)

   It inflicts extra damage upon your enemies.
   It lets you see invisible.
   It lets you fly.
   It curses itself when equipped.
   It has a curse placed upon it.
Armour
 a - +12 gold dragon scales (worn)
 x - the +18 shield of the Gong (worn) {rElec rN+ MR+ EV-5}
   (You found it in the Dungeon)

   It affects your evasion (-5).
   It insulates you from electricity.
   It protects you from negative energy.
   It affects your resistance to hostile enchantments.
 K - a +2 cloak (worn)
 W - a +2 pair of gloves of strength (worn)
Jewellery
 e - the ring "Vadef" {rN++ Dex+3}
   (You found it in the Dungeon)

   [ring of dexterity]

   It affects your dexterity (+3).
   It greatly protects you from negative energy.
 y - the ring "Cajit" (left hand) {Wiz rC- Str+6 Int+3 Dex+3}
   (You found it in the Dungeon)

   [ring of wizardry]

   It improves your spell success rate.
   It affects your strength (+6).
   It affects your intelligence (+3).
   It affects your dexterity (+3).
   It makes you vulnerable to cold.
 z - the ring "Ituodwom" {rPois rN++ MR+}
   (You found it in the Dungeon)

   [ring of protection from magic]

   It protects you from poison.
   It greatly protects you from negative energy.
   It affects your resistance to hostile enchantments.
 D - the ring of Noon {rElec rN+ MP+9 Dex+3 Slay+3}
   (You took it off a skeletal warrior in the Dungeon)

   [ring of positive energy]

   It affects your dexterity (+3).
   It affects your accuracy and damage with ranged weapons and melee attacks
   (+3).
   It insulates you from electricity.
   It protects you from negative energy.
   It affects your magic capacity (+9).
 F - the ring "Ezos" {rPois rF- Dex+3 Slay+2}
   (You found it in the Dungeon)

   [ring of poison resistance]

   It affects your dexterity (+3).
   It affects your accuracy and damage with ranged weapons and melee attacks
   (+2).
   It makes you vulnerable to fire.
   It protects you from poison.
 G - the ring "Miwnotsai" {Fire SInv Stlth+}
   (You found it in the Dungeon)

   [ring of fire]

   It enhances your fire magic.
   It protects you from fire.
   It makes you vulnerable to cold.
   It lets you see invisible.
   It makes you more stealthy.
 I - the amulet "Rearek" (around neck) {Spirit Dex+2}
   (You took it off a skeletal warrior in the Dungeon)

   [amulet of guardian spirit]

   It causes incoming damage to be split between your health and magic.
   It affects your dexterity (+2).
 L - the ring of the Middle (right hand) {Ice rPois Str+8 Dex-2 Stlth-}
   (You found it in the Dungeon)

   [ring of ice]

   It enhances your ice magic.
   It affects your strength (+8).
   It affects your dexterity (-2).
   It makes you vulnerable to fire.
   It protects you from cold.
   It protects you from poison.
   It makes you less stealthy.
 M - the ring "Aczaeloo" {rElec rN+ Stlth+}
   (You found it in the Dungeon)

   [ring of positive energy]

   It insulates you from electricity.
   It protects you from negative energy.
   It makes you more stealthy.
 N - the ring of Mulikir {rPois MR+ Str+3 Dex+4 Slay-5}
   (You found it in the Dungeon)

   [ring of poison resistance]

   It affects your strength (+3).
   It affects your dexterity (+4).
   It affects your accuracy and damage with ranged weapons and melee attacks
   (-5).
   It protects you from poison.
   It affects your resistance to hostile enchantments.
 O - the ring "Riufeshri" {Ice rElec rN+ Slay+2}
   (You took it off a spriggan air mage in the Dungeon)

   [ring of ice]

   It enhances your ice magic.
   It affects your accuracy and damage with ranged weapons and melee attacks
   (+2).
   It makes you vulnerable to fire.
   It protects you from cold.
   It insulates you from electricity.
   It protects you from negative energy.
 R - the ring of Beaf {rC++ rN+ Int+2 Slay+2 Stlth+}
   (You took it off a spriggan air mage in the Dungeon)

   [ring of stealth]

   It affects your intelligence (+2).
   It affects your accuracy and damage with ranged weapons and melee attacks
   (+2).
   It greatly protects you from cold.
   It protects you from negative energy.
   It makes you more stealthy.
 S - the ring "Xurumm" {rPois rN+ Str+3 Int+2 Dex-5}
   (You took it off an iron imp in the Dungeon)

   [ring of strength]

   It affects your strength (+3).
   It affects your intelligence (+2).
   It affects your dexterity (-5).
   It protects you from poison.
   It protects you from negative energy.
 T - the ring "Zinauhed" {rCorr MR+ MP-9 Str+3 Dex+4}
   (You found it in the Dungeon)

   [ring of resist corrosion]

   It affects your strength (+3).
   It affects your dexterity (+4).
   It affects your resistance to hostile enchantments.
   It affects your magic capacity (-9).
 V - a +2 ring of slaying
 X - a ring of the Octopus King {AC+1 EV+1 Str+1 Int+1 Dex+1 Stlth+}
   (You found it in the Dungeon)

   [ring of stealth]

   It affects your AC (+1).
   It affects your evasion (+1).
   It affects your strength (+1).
   It affects your intelligence (+1).
   It affects your dexterity (+1).
   It makes you more stealthy.
 Z - the ring of the Lost Princes {Fire *Corrode rElec Slay+2}
   (You found it in the Dungeon)

   [ring of fire]

   It enhances your fire magic.
   It affects your accuracy and damage with ranged weapons and melee attacks
   (+2).
   It protects you from fire.
   It makes you vulnerable to cold.
   It insulates you from electricity.
   It may corrode you when you take damage.
Scrolls
 i - 4 scrolls of blinking
 k - 4 scrolls of amnesia
 l - 3 scrolls of recharging
 m - 7 scrolls of fog
 n - 5 scrolls of identify
 o - 4 scrolls of remove curse
 p - 2 scrolls of fear
 C - a scroll of brand weapon
 E - 5 scrolls of enchant armour
 P - 8 scrolls of enchant weapon
Potions
 d - 10 potions of curing
 f - 4 potions of haste
 g - 4 potions of magic
 h - 3 potions of berserk rage
 q - 2 potions of brilliance
 r - a potion of invisibility
 s - 3 potions of resistance
 u - a potion of agility
 v - a potion of might
Books
 B - a manual of Bows
 H - a manual of Bows
 Y - a manual of Short Blades
Miscellaneous
 t - 12 phantom mirrors
 J - a crystal ball of energy
Comestibles
 b - 10 fruits
 c - 5 bread rations
 j - 4 meat rations
 Q - 6 royal jellies


   Skills:
 O Level 27 Fighting
 O Level 27 Axes
 O Level 27 Armour
 O Level 27 Dodging
 * Level 20.2 Stealth
 O Level 27 Shields
 O Level 27 Spellcasting
 O Level 27 Invocations
 O Level 27 Evocations


You had 74 spell levels left.
You didn't know any spells.

Dungeon Overview and Level Annotations

Branches:
Dungeon (1/1)

Altars:
Ashenzari
Cheibriados
Dithmenos
Elyvilon
Fedhas
Gozag
Hepliaklqana
Kikubaaqudgha
Makhleb
Nemelex Xobeh
Okawaru
Qazlal
Ru
Sif Muna
Trog
Uskayaw
Vehumet
Xom
Yredelemnul
Zin
The Shining One
Beogh
Jiyva
Lugonu


Innate Abilities, Weirdness & Mutations

You have a pair of large antennae on your head. (SInv)
You are mostly covered in iridescent scales. (AC +4)
Your flesh is cold resistant. (rC+)
You may emit foul miasma when damaged in melee.
A meltable icy envelope protects you from harm. (AC +10)
You resist negative energy. (rN+)
You are immune to rotting.
You are immune to freezing clouds.
You expend magic power (3 MP) to strengthen your wands.


Message History

You start waiting.
You start waiting.
You start waiting.
You start waiting.
You start waiting.
You sense a monster nearby.
You start waiting.
You start waiting.
You start waiting.
You start waiting.
You start waiting.
You start waiting.
You start waiting.
You start waiting.
You sense a monster nearby.
You start waiting.
You sense a monster nearby.
You start waiting.
You sense a monster nearby.
You have escaped!

............▓..▓.......▓..▓..(8©8
..)......{..▓.▓▓▓..{..▓▓▓.▓..:|{{
..........{{▓.{▓.....{.▓..▓..{4)3
..........{{▓.{{{...{{....▓...3(.
............▓........{...{▓...).)
............▓▓▓▓▓▓▓▓▓▓▓▓▓▓▓...())
▓.......▓{.{▓8888888888888▓...)((
▓▓.....▓▓▓..▓8....§).)...8▓{.▓...
▓.......▓..≈▓8.§@§.[(..).8▓.▓....
.....≈......▓8..)§.....).8▓....(.
............▓8888888888888▓▓▓▓▓▓▓
▓▓▓▓▓▓▓▓▓▓▓▓▓▓▓▓▓▓▓▓▓▓▓▓▓▓▓▓▓▓▓▓▓
.....8©8........▓........8©8.....
[?}|[:::)|:}[[}.▓."}|.|[{{|){)=)}
)):|.|:}=)}|)[).▓.|}:={)})){.{:)[
|[[:[)})"[.[:)).▓.})}[:}):[.:|}||
................▓.......[})......


There were no monsters in sight!

Vanquished Creatures
  An ancient lich (D)
  A shard shrike (D)
  6 shard shrikes (shapeshifter) (D)
  2 caustic shrikes (shapeshifter) (D)
  A golden dragon (shapeshifter) (D)
  47 pandemonium lords (D)
  5 electric golems (D)
  A Tzitzimitl (D)
  2 Brimstone Fiends (D)
  5 Ice Fiends (D)
  A lich (D)
  A Hell Sentinel (D)
  6 Orb Guardians (D)
  9 titans (D)
  7 acid blobs (D)
  2 titans (shapeshifter) (D)
  2 Executioners (D)
  4 thorn hunters (D)
  10 storm dragons (D)
  A warmonger (D)
  A shadow dragon (D)
  An azure jelly (shapeshifter) (D)
  8 azure jellies (D)
  An orc warlord (D)
  2 draconian scorchers (D)
  2 balrugs (D)
  A black sun (D)
  A draconian annihilator (D)
  A deep elf elementalist (D)
  2 draconian shifters (D)
  2 spriggan defenders (D)
  3 reapers (D)
  2 very ugly things (D)
  A vampire knight (D)
  2 stone giants (D)
  3 purple draconians (D)
  A green draconian (D)
  3 black draconians (D)
  A white draconian (D)
  2 red draconians (D)
  4 yellow draconians (D)
  3 dire elephants (D)
  2 great orbs of eyes (D)
  10 death oozes (D)
  6 hydras (D)
  A hydra (shapeshifter) (D)
  4 vault guards (D)
  An ice dragon (D)
  A centaur warrior (D)
  2 anacondas (D)
  Erica (D)
  11 spriggan air magi (D)
  A queen ant (shapeshifter) (D)
  A two-headed ogre (shapeshifter) (D)
  A dancing weapon (D)
  A catoblepas (D)
  A death yak (D)
  7 spriggan berserkers (D)
  8 soul eaters (D)
  2 sun demons (D)
  8 skeletal warriors (D)
  A wretched star (D)
  3 sixfirhies (D)
  7 large abominations (D)
  A cherub (D)
  A glowing orange brain (shapeshifter) (D)
  2 deep trolls (shapeshifter) (D)
  A swamp dragon (shapeshifter) (D)
  A death drake (shapeshifter) (D)
  2 glowing orange brains (D)
  2 orc knights (D)
  3 necromancers (D)
  An orb spider (D)
  An orc sorcerer (D)
  2 fauns (D)
  A deep elf mage (D)
  An ugly thing (D)
  2 draconians (D)
  2 shining eyes (D)
  2 salamanders (shapeshifter) (D)
  A cyclops (D)
  A cyclops (shapeshifter) (D)
  2 moths of wrath (shapeshifter) (D)
  An elephant (shapeshifter) (D)
  A glowing shapeshifter (D)
  An eye of devastation (D)
  An apocalypse crab (D)
  3 black mambas (D)
  2 rust devils (D)
  4 smoke demons (D)
  2 torpor snails (shapeshifter) (D)
  4 orange demons (D)
  2 hellions (D)
  A rime drake (D)
  7 spiny frogs (D)
  2 yaktaurs (D)
  3 demonic crawlers (D)
  A dryad (D)
  5 ice devils (D)
  2 komodo dragons (D)
  2 yaktaurs (shapeshifter) (D)
  2 tormentors (D)
  An ancient zyme (D)
  A red devil (D)
  4 freezing wraiths (D)
  A hellwing (D)
  A wind drake (shapeshifter) (D)
  A hornet (shapeshifter) (D)
  A meliai (shapeshifter) (D)
  2 wind drakes (D)
  2 tyrant leeches (shapeshifter) (D)
  A raiju (D)
  18 slime creatures (D)
  A troll (D)
  A blink frog (D)
  2 snapping turtles (shapeshifter) (D)
  A dream sheep (shapeshifter) (D)
  A hippogriff (D)
  Sigmund (D)
  2 flying skulls (D)
  2 wyverns (D)
  10 air elementals (D)
  3 starcursed masses (D)
  2 ynoxinuls (D)
  2 shadows (D)
  A tarantella (shapeshifter) (D)
  A shapeshifter (D)
  2 redbacks (shapeshifter) (D)
  A yak (shapeshifter) (D)
  4 yaks (D)
  3 spriggans (shapeshifter) (D)
  2 wraiths (D)
  A human (shapeshifter) (D)
  3 basilisks (D)
  A hog (shapeshifter) (D)
  6 neqoxecs (D)
  4 golden eyes (D)
  Edmund (D)
  A warg (D)
  Duvessa (D)
  11 insubstantial wisps (D)
  9 water moccasins (D)
  A floating eye (shapeshifter) (D)
  5 floating eyes (D)
  A porcupine (D)
  4 orc warriors (D)
  A phantom (D)
  3 necrophages (D)
  An ogre (D)
  A wolf (D)
  A centaur (D)
  8 crocodiles (D)
  Blork the orc (D)
  Dowan (D)
  5 small abominations (D)
  4 wights (D)
  3 crimson imps (D)
  A quasit (D)
  8 jellies (D)
  4 orc priests (D)
  Crazy Yiuf (D)
  Jessica (D)
  A gnoll shaman (D)
  5 iron imps (D)
  3 orc wizards (D)
  2 adders (D)
  4 white imps (D)
  3 ufetubi (D)
  An ooze (D)
  A spectral adder (D)
  8 adder zombies (D)
  4 adder skeletons (D)
  2 orcs (D)
  5 bat skeletons (D)
  5 bat zombies (D)
  2 jackals (D)
  A ball python (D)
  A ball python simulacrum (D)
  2 giant cockroach zombies (D)
  A jackal skeleton (D)
  A jackal zombie (D)
  A leopard gecko skeleton (D)
  2 leopard gecko zombies (D)
  A quokka skeleton (D)
  A spectral quokka (D)
  12 briar patches (D)
  A lurking horror (D)
554 creatures vanquished.

Vanquished Creatures (collateral kills)
  An electric golem (D)
  A pandemonium lord (D)
  A titan (D)
  A white draconian (D)
  2 black draconians (D)
  A yaktaur captain (D)
  3 vault guards (D)
  A hydra (D)
  A death yak (shapeshifter) (D)
  A soul eater (D)
  A deep elf knight (D)
  A deep elf archer (D)
  An orc knight (D)
  A deep elf mage (D)
  A cyclops (D)
  A spiny frog (D)
  A yaktaur (shapeshifter) (D)
  A wind drake (D)
  A spriggan (shapeshifter) (D)
  A basilisk (shapeshifter) (D)
  2 insubstantial wisps (D)
  A shadow imp (D)
26 creatures vanquished.

Vanquished Creatures (others)
  An eldritch tentacle (D)
  A merfolk javelineer (D)
  A yaktaur captain (D)
  An infernal demonspawn (D)
  2 cyclopes (D)
  A yaktaur (D)
  A centaur (D)
  A briar patch (D)
9 creatures vanquished.

Grand Total: 589 creatures vanquished

Notes
Turn   | Place    | Note
-------+----------+-------------------------------------------
     0 | D        | HallandMoats the Demonspawn Monk began the quest for the Orb.
     0 | D        | Reached XP level 1. HP: 18/18 MP: 1/1
    10 | D        | Found a blossoming altar of Fedhas.
    11 | D        | Found a viscous altar of Jiyva.
    11 | D        | Found an ancient bone altar of Kikubaaqudgha.
    11 | D        | Found a hazy altar of Hepliaklqana.
    11 | D        | Found a corrupted altar of Lugonu.
    11 | D        | Found an opulent altar of Gozag.
    11 | D        | Found a burning altar of Makhleb.
    12 | D        | Found a sacrificial altar of Ru.
    12 | D        | Found a stormy altar of Qazlal.
    12 | D        | Found a deep blue altar of Sif Muna.
    12 | D        | Found an iron altar of Okawaru.
    12 | D        | Found a bloodstained altar of Trog.
    12 | D        | Found a sparkling altar of Nemelex Xobeh.
    43 | D        | Became a worshipper of Qazlal Stormbringer
    43 | D        | Reached * piety under Qazlal
    43 | D        | Reached ** piety under Qazlal
    63 | D        | Entered arena 1.
    63 | D        | Noticed a draconian
    63 | D        | Noticed a draconian
    71 | D        | Killed a draconian
    71 | D        | Reached skill level 5 in Axes
    71 | D        | Reached skill level 5 in Dodging
    71 | D        | Gained mutation: Your flesh is cold resistant. (rC+) [demonic ancestry]
    71 | D        | Reached XP level 2. HP: 28/28 MP: 1/7
    71 | D        | Reached XP level 3. HP: 34/34 MP: 1/9
    71 | D        | Gained mutation: You are immune to rotting. [demonic ancestry]
    71 | D        | Reached XP level 4. HP: 40/40 MP: 1/10
    71 | D        | Reached XP level 5. HP: 46/46 MP: 1/12
    71 | D        | Gained mutation: You are partially covered in iridescent scales. (AC +2) [demonic ancestry]
    71 | D        | Reached XP level 6. HP: 52/52 MP: 1/13
    72 | D        | Killed a draconian
    72 | D        | Reached skill level 5 in Armour
    72 | D        | Reached skill level 5 in Shields
    72 | D        | Reached XP level 7. HP: 60/60 MP: 1/15
    76 | D        | Entered arena 2.
    79 | D        | Reached *** piety under Qazlal
    84 | D        | Entered arena 3.
    84 | D        | Noticed a smoke demon
    91 | D        | Reached **** piety under Qazlal
    94 | D        | Killed a smoke demon
    94 | D        | Reached XP level 8. HP: 59/67 MP: 4/17
    97 | D        | Got the ring of the Serpent {rC+ AC+3 Dex+3}
    99 | D        | Entered arena 4.
   104 | D        | Reached ***** piety under Qazlal
   109 | D        | Entered arena 5.
   117 | D        | Got the ring "Ituodwom" {rPois rN++ MR+}
   120 | D        | Entered arena 6.
   120 | D        | Noticed a black mamba
   120 | D        | Noticed a komodo dragon
   127 | D        | Reached ****** piety under Qazlal
   129 | D        | Killed a komodo dragon
   131 | D        | Killed a black mamba
   131 | D        | Gained mutation: You may emit foul miasma when damaged in melee. [demonic ancestry]
   131 | D        | Reached XP level 9. HP: 39/75 MP: 11/19
   137 | D        | Got the ring "Duggog Ixtaj" {rCorr rC+ Stlth+}
   475 | D        | Entered arena 7.
   475 | D        | Noticed a deep elf archer
   475 | D        | Noticed a hand axe of chopping
   475 | D        | Noticed a deep elf elementalist
   475 | D        | Noticed a deep elf mage
   475 | D        | Noticed a deep elf mage
   475 | D        | Noticed a deep elf knight
   479 | D        | Killed a deep elf mage
   483 | D        | Killed a hand axe of chopping
   485 | D        | Killed a deep elf mage
   485 | D        | Reached skill level 15 in Invocations
   485 | D        | Killed a deep elf elementalist
   485 | D        | Gained mutation: You have a pair of small antennae on your head. [demonic ancestry]
   485 | D        | Reached XP level 10. HP: 73/83 MP: 19/21
   487 | D        | Killed a deep elf knight
   491 | D        | Killed a deep elf archer
   745 | D        | Entered arena 8.
   752 | D        | Reached skill level 10 in Fighting
   767 | D        | Entered arena 9.
   767 | D        | Noticed Sigmund
   767 | D        | Noticed Jessica
   767 | D        | Noticed Blork the orc
   767 | D        | Noticed Crazy Yiuf
   767 | D        | Noticed Dowan
   767 | D        | Noticed Duvessa
   767 | D        | Noticed Edmund
   767 | D        | Noticed Erica
   772 | D        | Killed Erica
   772 | D        | Killed Crazy Yiuf
   775 | D        | Killed Blork the orc
   777 | D        | Killed Edmund
   777 | D        | Killed Duvessa
   777 | D        | Killed Jessica
   778 | D        | Killed Dowan
   779 | D        | Killed Sigmund
   783 | D        | Reached XP level 11. HP: 92/92 MP: 23/23
   784 | D        | Entered arena 10.
   809 | D        | Entered arena 11.
   809 | D        | Noticed an orc sorcerer
   809 | D        | Noticed an orc knight
   810 | D        | Noticed an orc knight
   810 | D        | Noticed an orc warlord
   812 | D        | Noticed an orc knight
   821 | D        | Killed an orc sorcerer
   821 | D        | Reached skill level 1 in Evocations
   824 | D        | Killed an orc knight
   825 | D        | Killed an orc knight
   825 | D        | Reached skill level 10 in Axes
   827 | D        | Killed an orc warlord
   827 | D        | Reached skill level 10 in Dodging
   827 | D        | Gained mutation: You have a pair of antennae on your head. [demonic ancestry]
   827 | D        | Reached XP level 12. HP: 49/100 MP: 25/25
  1012 | D        | Got the ring "Ezos" {rPois rF- Dex+3 Slay+2}
  1019 | D        | Entered arena 12.
  1019 | D        | Noticed a vault guard
  1019 | D        | Noticed a vault guard
  1019 | D        | Noticed a vault guard
  1019 | D        | Noticed a vault guard
  1019 | D        | Noticed a yaktaur captain
  1019 | D        | Noticed a vault guard
  1019 | D        | Noticed a stone giant
  1020 | D        | Noticed a vault guard
  1020 | D        | Noticed a vault guard
  1021 | D        | Noticed a stone giant
  1026 | D        | Killed a vault guard
  1026 | D        | Reached skill level 10 in Armour
  1026 | D        | Reached skill level 10 in Shields
  1027 | D        | Killed a vault guard
  1028 | D        | Killed a vault guard
  1030 | D        | Killed a stone giant
  1030 | D        | Reached skill level 5 in Evocations
  1031 | D        | Killed a vault guard
  1032 | D        | Killed a vault guard
  1036 | D        | Killed a yaktaur captain
  1038 | D        | Killed a vault guard
  1038 | D        | Killed a vault guard
  1042 | D        | Killed a stone giant
  1046 | D        | Got the ring of the Garden {rC- EV+4 Dex+4}
  1048 | D        | Entered arena 13.
  1050 | D        | Noticed a shadow dragon
  1065 | D        | Gained mutation: You are mostly covered in iridescent scales. (AC +4) [demonic ancestry]
  1065 | D        | Reached XP level 13. HP: 62/109 MP: 20/27
  1067 | D        | Killed a shadow dragon
  1391 | D        | Entered arena 14.
  1392 | D        | Noticed a purple very ugly thing
  1392 | D        | Noticed a white very ugly thing
  1393 | D        | Noticed an ettin
  1396 | D        | Noticed a minotaur
  1396 | D        | an ettin changed into a minotaur
  1396 | D        | Gained mutation: You expend magic power (3 MP) to strengthen your wands. [a neqoxec]
  1397 | D        | a minotaur changed into an eight-headed hydra
  1401 | D        | Killed a white very ugly thing
  1403 | D        | Killed a green very ugly thing
  1430 | D        | Entered arena 15.
  1431 | D        | Noticed a merfolk javelineer
  1431 | D        | Noticed a deep elf master archer
  1431 | D        | Noticed a merfolk javelineer
  1438 | D        | Killed a merfolk javelineer
  1441 | D        | Entered arena 16.
  1443 | D        | Noticed a death ooze
  1443 | D        | Noticed an acid blob
  1443 | D        | Noticed a death ooze
  1444 | D        | Noticed an acid blob
  1444 | D        | Noticed an azure jelly
  1444 | D        | Noticed an azure jelly
  1449 | D        | Killed an acid blob
  1450 | D        | Killed a death ooze
  1451 | D        | Killed a death ooze
  1451 | D        | HP: 2/111 [azure jelly (14)]
  1455 | D        | Killed an azure jelly
  1457 | D        | Killed an azure jelly
  1464 | D        | Killed an acid blob
  1464 | D        | Reached skill level 10 in Evocations
  2013 | D        | Entered arena 17.
  2015 | D        | Noticed an ancient lich
  2017 | D        | Noticed a vampire knight
  2028 | D        | Reached XP level 14. HP: 115/119 MP: 29/29
  2029 | D        | Killed an ancient lich
  2031 | D        | Killed a vampire knight
  2060 | D        | Got the ring "Vadef" {rN++ Dex+3}
  2066 | D        | Entered arena 18.
  2068 | D        | Noticed a spriggan defender
  2069 | D        | Noticed a spriggan defender
  2069 | D        | Noticed a thorn hunter
  2069 | D        | Noticed a thorn hunter
  2070 | D        | Noticed a thorn hunter
  2070 | D        | Noticed a thorn hunter
  2071 | D        | Killed a spriggan defender
  2071 | D        | Reached skill level 15 in Fighting
  2071 | D        | Killed a thorn hunter
  2071 | D        | Killed a thorn hunter
  2071 | D        | Killed a spriggan defender
  2071 | D        | Killed a thorn hunter
  2072 | D        | Killed a thorn hunter
  2386 | D        | Entered arena 19.
  2390 | D        | Noticed a yellow draconian scorcher
  2390 | D        | Noticed a green draconian shifter
  2391 | D        | Noticed a white draconian shifter
  2391 | D        | Noticed a black draconian scorcher
  2391 | D        | Noticed a red draconian annihilator
  2392 | D        | Reached XP level 15. HP: 113/129 MP: 31/31
  2392 | D        | Killed a yellow draconian scorcher
  2392 | D        | Killed a black draconian scorcher
  2392 | D        | Reached skill level 15 in Axes
  2392 | D        | Reached skill level 15 in Dodging
  2392 | D        | Reached skill level 15 in Shields
  2392 | D        | Reached skill level 27 in Invocations
  2392 | D        | Reached skill level 15 in Armour
  2754 | D        | Entered arena 20.
  2758 | D        | Noticed an azure jelly
  2758 | D        | Noticed an acid blob
  2758 | D        | Noticed an azure jelly
  2762 | D        | Paralysed by a floating eye for 3 turns
  2766 | D        | Killed an azure jelly
  2766 | D        | Killed an azure jelly
  2766 | D        | Killed an acid blob
  2782 | D        | Got the ring "Naaw Utyjoi" {+Fly Dex+2}
  2787 | D        | Got the ring "Aczaeloo" {rElec rN+ Stlth+}
  2791 | D        | Got the ring of Idefisoc {rPois rF+ Dex+2}
  2793 | D        | Got the ring "Etwaimpa" {+Inv MR+ Str+4 Slay-2 SInv}
  2806 | D        | Entered arena 21.
  2812 | D        | Reached skill level 15 in Evocations
  2815 | D        | Gained mutation: You are immune to freezing clouds. [demonic ancestry]
  2815 | D        | Reached XP level 16. HP: 65/141 MP: 25/33
  3101 | D        | Got the ring of Dim Light {+Fly rElec rPois}
  3111 | D        | Got the ring "Xurumm" {rPois rN+ Str+3 Int+2 Dex-5}
  3118 | D        | Entered arena 22.
  3124 | D        | Noticed an acid blob
  3125 | D        | Noticed an acid blob
  3125 | D        | Killed an acid blob
  3125 | D        | Killed an acid blob
  3126 | D        | Noticed an acid blob
  3126 | D        | Noticed an acid blob
  3128 | D        | Killed an acid blob
  3128 | D        | Killed an acid blob
  3263 | D        | Got the amulet of Tantia {Spirit Int+3}
  3427 | D        | Entered arena 23.
  3432 | D        | Noticed an Ice Fiend
  3434 | D        | Noticed an Ice Fiend
  3435 | D        | Killed an Ice Fiend
  3435 | D        | Killed an Ice Fiend
  3438 | D        | Noticed a shard shrike
  3443 | D        | Killed a shard shrike
  3594 | D        | Got the amulet "Rearek" {Spirit Dex+2}
  3742 | D        | Got the +1 pair of gloves of the Barber Surgeon {rElec rPois Str-4 Dex+9}
  3764 | D        | Got the ring of the Lost Princes {Fire *Corrode rElec Slay+2}
  3794 | D        | Got the ring of Noon {rElec rN+ MP+9 Dex+3 Slay+3}
  3838 | D        | Entered arena 24.
  3845 | D        | Noticed a golden dragon
  3845 | D        | Noticed a shard shrike
  3845 | D        | Noticed a caustic shrike
  3845 | D        | Noticed a juggernaut
  3845 | D        | Noticed a shard shrike
  3845 | D        | Noticed a shard shrike
  3846 | D        | Noticed a shard shrike
  3846 | D        | Noticed a shard shrike
  3846 | D        | Noticed an iron giant
  3846 | D        | a glowing shapeshifter changed into an iron giant
  3847 | D        | Killed a shard shrike
  3847 | D        | Killed a golden dragon
  3847 | D        | Killed a shard shrike
  3847 | D        | Gained mutation: You resist negative energy. (rN+) [demonic ancestry]
  3847 | D        | Reached XP level 17. HP: 155/155 MP: 34/34
  3847 | D        | Killed a shard shrike
  3847 | D        | Killed a shard shrike
  3847 | D        | Killed a caustic shrike
  3847 | D        | Killed a shard shrike
  3848 | D        | Noticed a juggernaut
  3848 | D        | Noticed an iron giant
  3848 | D        | Noticed a titan
  3848 | D        | a juggernaut changed into a titan
  3851 | D        | Killed a titan
  3854 | D        | Noticed a shard shrike
  3854 | D        | a juggernaut changed into a shard shrike
  3855 | D        | Noticed a titan
  3856 | D        | Noticed a caustic shrike
  3856 | D        | an iron giant changed into a caustic shrike
  3858 | D        | Killed a caustic shrike
  3859 | D        | Killed a shard shrike
  3859 | D        | Killed a titan
  3860 | D        | an iron giant changed into an azure jelly
  3875 | D        | Got the ring "Miwnotsai" {Fire SInv Stlth+}
  4095 | D        | Got the +6 executioner's axe of the Onslaught {speed, rPois Int+4}
  4115 | D        | Got the ring "Ziept" {rCorr *Contam rPois Int+2}
  4122 | D        | Entered arena 25.
  4385 | D        | Got the ring of the Middle {Ice rPois Str+8 Dex-2 Stlth-}
  4400 | D        | Got the amulet "Qeemme" {Faith rF++ Dex+3 Slay-2}
  4403 | D        | Got the ring of Xom's Capriciousness {rN++ MP+9 Str+2 Int+2 Stlth-}
  4429 | D        | Entered arena 26.
  4436 | D        | Noticed Pemoryud the pandemonium lord
  4436 | D        | Noticed Zughyut the pandemonium lord
  4436 | D        | Noticed Zahih the pandemonium lord
  4436 | D        | Noticed Jupseqe the pandemonium lord
  4437 | D        | Noticed Gysy the pandemonium lord
  4437 | D        | Noticed Wegow the pandemonium lord
  4437 | D        | Noticed Huqimpeo the pandemonium lord
  4437 | D        | Noticed Refafado the pandemonium lord
  4438 | D        | Noticed Oxzerch the pandemonium lord
  4438 | D        | Noticed Nitefi the pandemonium lord
  4438 | D        | Noticed Pesut the pandemonium lord
  4441 | D        | Noticed Xoluteapt the pandemonium lord
  4442 | D        | Killed Pemoryud the pandemonium lord
  4442 | D        | Gained mutation: A meltable icy envelope protects you from harm. (AC +10) [demonic ancestry]
  4442 | D        | Reached XP level 18. HP: 119/168 MP: 17/35
  4442 | D        | Killed Refafado the pandemonium lord
  4442 | D        | Killed Jupseqe the pandemonium lord
  4442 | D        | Noticed Tunocargh the pandemonium lord
  4442 | D        | Noticed Ecvublej the pandemonium lord
  4443 | D        | Noticed Ysatut the pandemonium lord
  4444 | D        | Noticed Viups the pandemonium lord
  4445 | D        | Noticed Cylus the pandemonium lord
  4447 | D        | Noticed Jaleteh the pandemonium lord
  4447 | D        | Noticed Biopt the pandemonium lord
  4448 | D        | Noticed Doadionk the pandemonium lord
  4448 | D        | Noticed Neram the pandemonium lord
  4448 | D        | Noticed Tisk the pandemonium lord
  4449 | D        | Noticed Baluvor the pandemonium lord
  4449 | D        | Noticed Cexot the pandemonium lord
  4449 | D        | Noticed Jyvi the pandemonium lord
  4449 | D        | Noticed Daisoas the pandemonium lord
  4449 | D        | Noticed Qieggen the pandemonium lord
  4450 | D        | Noticed a Tzitzimitl
  4451 | D        | Noticed Ysyxkir the pandemonium lord
  4451 | D        | Noticed Kacib the pandemonium lord
  4452 | D        | Noticed an Ice Fiend
  4452 | D        | Noticed Pitaquiwk the pandemonium lord
  4454 | D        | Noticed Xiegh the pandemonium lord
  4454 | D        | Killed Ysatut the pandemonium lord
  4454 | D        | Killed Nitefi the pandemonium lord
  4454 | D        | Killed Viups the pandemonium lord
  4454 | D        | Killed Ecvublej the pandemonium lord
  4454 | D        | Killed Gysy the pandemonium lord
  4454 | D        | Killed Cylus the pandemonium lord
  4454 | D        | Killed Tisk the pandemonium lord
  4454 | D        | Killed Baluvor the pandemonium lord
  4454 | D        | Killed Jyvi the pandemonium lord
  4454 | D        | Killed Daisoas the pandemonium lord
  4454 | D        | Killed Huqimpeo the pandemonium lord
  4454 | D        | Killed Ysyxkir the pandemonium lord
  4454 | D        | Killed Wegow the pandemonium lord
  4454 | D        | Killed Cexot the pandemonium lord
  4454 | D        | Gained mutation: You have a pair of large antennae on your head. (SInv) [demonic ancestry]
  4454 | D        | Reached XP level 19. HP: 72/181 MP: 29/36
  4454 | D        | Killed Kacib the pandemonium lord
  4454 | D        | Killed Biopt the pandemonium lord
  4454 | D        | Killed Tunocargh the pandemonium lord
  4454 | D        | Killed Oxzerch the pandemonium lord
  4455 | D        | Noticed Ostadd the pandemonium lord
  4455 | D        | Noticed Igivun the pandemonium lord
  4455 | D        | Noticed Caar the pandemonium lord
  4455 | D        | Killed Zahih the pandemonium lord
  4456 | D        | Noticed Ygren the pandemonium lord
  4458 | D        | Killed Jaleteh the pandemonium lord
  4458 | D        | Killed Xoluteapt the pandemonium lord
  4458 | D        | Killed Zughyut the pandemonium lord
  4459 | D        | Noticed Coeropub the pandemonium lord
  4459 | D        | Killed Qieggen the pandemonium lord
  4459 | D        | Killed Pitaquiwk the pandemonium lord
  4459 | D        | Killed Igivun the pandemonium lord
  4460 | D        | Noticed Xatoho the pandemonium lord
  4460 | D        | Killed Pesut the pandemonium lord
  4460 | D        | Killed Neram the pandemonium lord
  4460 | D        | Killed Xiegh the pandemonium lord
  4460 | D        | Reached XP level 20. HP: 80/196 MP: 15/37
  4460 | D        | Killed Ygren the pandemonium lord
  4460 | D        | Noticed Umure the pandemonium lord
  4461 | D        | Noticed Mankefuf the pandemonium lord
  4463 | D        | Noticed Jesteirch the pandemonium lord
  4465 | D        | Noticed Ojinlov the pandemonium lord
  4467 | D        | Noticed Oke Yqui the pandemonium lord
  4468 | D        | Killed Caar the pandemonium lord
  4468 | D        | Killed Oke Yqui the pandemonium lord
  4468 | D        | Killed Jesteirch the pandemonium lord
  4468 | D        | Killed Ojinlov the pandemonium lord
  4468 | D        | Reached skill level 27 in Fighting
  4468 | D        | Killed Coeropub the pandemonium lord
  4468 | D        | Killed Mankefuf the pandemonium lord
  4468 | D        | Killed Doadionk the pandemonium lord
  4469 | D        | Killed Umure the pandemonium lord
  4469 | D        | Killed Xatoho the pandemonium lord
  4473 | D        | Noticed Femiaskoasch the pandemonium lord
  4480 | D        | Noticed Plog the pandemonium lord
  4481 | D        | Killed Ostadd the pandemonium lord
  4481 | D        | Reached skill level 27 in Evocations
  4489 | D        | Killed Plog the pandemonium lord
  4489 | D        | Reached skill level 27 in Dodging
  4501 | D        | Killed Femiaskoasch the pandemonium lord
  4501 | D        | Reached skill level 27 in Armour
  4572 | D        | Got the ring of Mulikir {rPois MR+ Str+3 Dex+4 Slay-5}
  4765 | D        | Entered arena 27.
  4775 | D        | Reached skill level 27 in Axes
  4775 | D        | Reached skill level 27 in Shields
  4775 | D        | Reached skill level 10 in Spellcasting
  4775 | D        | Reached skill level 15 in Spellcasting
  4775 | D        | Reached XP level 21. HP: 200/204 MP: 36/40
  4822 | D        | Got the ring "Riufeshri" {Ice rElec rN+ Slay+2}
  5222 | D        | Got the ring of Beaf {rC++ rN+ Int+2 Slay+2 Stlth+}
  5228 | D        | Got the ring "Zinauhed" {rCorr MR+ MP-9 Str+3 Dex+4}
  5233 | D        | Got a ring of the Octopus King {AC+1 EV+1 Str+1 Int+1 Dex+1 Stlth+}
  5251 | D        | Got the ring "Cajit" {Wiz rC- Str+6 Int+3 Dex+3}
  5266 | D        | Got the Orb of Zot
  5495 | D        | Noticed Besi the pandemonium lord
  5512 | D        | Killed Besi the pandemonium lord
  7343 | D        | Noticed Yhuav the pandemonium lord
  7348 | D        | Killed Yhuav the pandemonium lord
  7348 | D        | Reached skill level 27 in Spellcasting
  7870 | D        | Reached skill level 10 in Stealth
  8649 | D        | Noticed Xugewuu the pandemonium lord
  8659 | D        | Killed Xugewuu the pandemonium lord
  8733 | D        | Noticed Kotzemit the pandemonium lord
  8744 | D        | Killed Kotzemit the pandemonium lord
  9257 | D        | Escaped with the Orb!

Vault maps used:
D:        sprint_v

Skill      XL: |  1  2  3  4  5  6  7  8  9 10 11 12 13 14 15 16 17 18 19 20 21 |
---------------+----------------------------------------------------------------+-----
Fighting       | 6 7 8 9 10 11 12 13 15 17 20 22 24 26 27 | 27.0
Axes           | 5 6 7 8 9 10 11 12 14 16 18 20 22 24 27 | 27.0
Armour         | 4 5 6 7 8 9 11 12 14 16 18 21 23 25 27 | 27.0
Dodging        | 5 6 7 8 9 10 11 13 14 16 19 21 23 25 27 | 27.0
Shields        | 4 5 6 7 8 9 11 12 14 16 18 20 22 24 27 | 27.0
Invocations    | 9 11 12 13 15 17 18 21 23 25 27 | 27.0
Evocations     | 3 7 10 12 15 18 20 23 25 27 | 27.0
Spellcasting   | 15 27 | 27.0
Stealth        | 20 | 20.2

Action                   |  1- 3 |  4- 6 |  7- 9 | 10-12 | 13-15 | 16-18 | 19-21 || total
-------------------------+-------+-------+-------+-------+-------+-------+-------++-------
Melee: Broad axe         |     6 |     1 |    35 |    68 |    68 |    68 |   253 ||   499
Invok: Disaster Area     |       |       |       |     1 |     5 |     9 |     6 ||    21
       Upheaval          |       |       |       |       |       |       |     2 ||     2
       Elemental Force   |       |       |       |       |       |       |     2 ||     2
  Use: Potion            |     1 |       |       |     6 |    12 |     8 |     7 ||    34
       Scroll            |       |       |       |       |       |     8 |       ||     8
 Stab: Invisible         |       |       |       |       |     7 |       |       ||     7
       Distracted        |       |       |       |       |     3 |       |     4 ||     7
  Eat: Fruit             |       |       |       |       |     9 |    11 |    12 ||    32
Armor: Gold dragon scale |     3 |       |    17 |    15 |    72 |    73 |    36 ||   216
Dodge: Dodged            |       |       |       |     5 |    32 |    81 |    64 ||   182
       Deflected         |       |       |       |     3 |     5 |     1 |     2 ||    11
Block: Shield            |    12 |     2 |    68 |   140 |   189 |   182 |   232 ||   825
       Reflection        |       |       |       |       |    26 |       |       ||    26
